Map: Pillars of Gold LE

Players

Trap - Winner!

  • Race: Protoss Protoss
  • League: Master
  • Spawn Location: 1:00

Solar

  • Race: Zerg Zerg
  • League: Master
  • Spawn Location: 7:00

VOD

Have the link to the VOD?

Description

Time

  • Played on: Jan. 16, 2021, 12:53 p.m.
  • Length: 9:58
Show
View Real Time Build Order
Export as new Build Order

Trap Protoss - Winner!

Build Orders: 1 Gate Expand, Dark Templar Rush 

Get SALT Encoding   

  12  0:00  Probe  
  13  0:14  Pylon  
  13  0:18  Probe (Chrono Boost)  
  14  0:27  Probe (Chrono Boost)  
  15  0:32  Probe (Chrono Boost)  
  16  0:41  Gateway  
  16  0:44  Probe  
  17  0:50  Assimilator  
  17  0:56  Probe  
  18  1:08  Probe  
  19  1:20  Probe  
  20  1:28  Nexus  
  20  1:37  Cybernetics Core  
  20  1:41  Probe  
  21  1:47  Assimilator  
  21  1:53  Probe  
  22  1:58  Pylon  
  22  2:05  Probe (Chrono Boost)  
  23  2:13  Stalker (Chrono Boost)  
  23  2:15  Warp Gate  
  23  2:17  Probe (Chrono Boost)  
  26  2:26  Probe (Chrono Boost)  
  27  2:30  Twilight Council  
  27  2:35  Probe (Chrono Boost)  
  28  2:39  Probe (Chrono Boost)  
  29  2:47  Adept  
  29  2:49  Probe x2 (Chrono Boost)  
  33  2:57  Robotics Facility  
  33  2:58  Probe  
  33  3:01  Probe  
  35  3:11  Gateway  
  35  3:13  Probe  
  35  3:14  Probe  
  37  3:23  Dark Shrine  
  37  3:25  Probe  
  37  3:26  Probe  
  39  3:30  Adept  
  41  3:37  Probe  
  41  3:38  Probe  
  43  3:41  Warp Prism (Chrono Boost)  
  45  3:48  Pylon  
  45  3:50  Probe  
  45  3:55  Shield Battery  
  46  4:06  Probe x2  
  46  4:07  Adept x2  
  46  4:09  Pylon  
  52  4:10  Observer  
  52  4:16  Pylon  
  52  4:17  Assimilator  
  53  4:19  Probe  
  54  4:27  Probe  
  54  4:31  Probe  
  56  4:34  Assimilator  
  56  4:35  Dark Templar  
  56  4:36  Dark Templar  
  60  4:40  Probe  
  60  4:42  Pylon  
  61  4:47  Probe  
  61  4:52  Probe  
  63  4:55  Immortal (Chrono Boost)  
  66  5:00  Pylon  
  66  5:01  Pylon  
  66  5:08  Probe x2  
  66  5:10  Sentry  
  70  5:29  Gateway  
  70  5:30  Blink (Chrono Boost)  
  70  5:32  Gateway, Probe x2  
  72  5:43  Adept x2  
  72  5:45  Nexus  
  72  5:47  Pylon  
  72  5:48  Gateway x2  
  76  5:54  Immortal  
  76  6:07  Stalker x2  
  76  6:10  Shield Battery  
  78  6:13  Probe x2  
  78  6:16  Forge  
  80  6:24  Sentry  
  82  6:25  Probe  
  82  6:26  Probe  
  82  6:27  Sentry  
  82  6:31  Zealot  
  82  6:32  Immortal (Chrono Boost)  
  88  6:37  Pylon  
  88  6:39  Pylon  
  92  6:42  Probe x2  
  94  6:47  Pylon  
  94  6:48  Protoss Ground Weapons Level 1 (Chrono Boost)  
  94  6:57  Probe x2 (Chrono Boost)  
  94  6:58  Sentry, Stalker  
  100  7:02  Probe (Chrono Boost)  
  103  7:12  Probe x3 (Chrono Boost)  
  104  7:18  Stalker, Probe  
  104  7:19  Stalker, Probe x2  
  109  7:24  Stalker x2  
  109  7:25  Stalker  
  112  7:30  Stalker  
  112  7:31  Probe x2  
  112  7:32  Immortal (Chrono Boost)  
  120  7:44  Shield Battery x2  
  120  7:49  Sentry, Shield Battery  
  120  7:50  Shield Battery  
  116  7:59  Stalker x4  
  116  8:05  Stalker  
  102  8:13  Immortal  
  102  8:18  Stalker  
  100  8:23  Stalker x2  
  103  8:30  Stalker  
  103  8:31  Zealot x2  
  108  8:39  Probe x3  
  109  8:47  Gateway x2  
  109  8:50  Stalker x3  
  109  8:52  Assimilator x2  
  109  8:53  Photon Cannon  
  115  9:06  Robotics Bay  
  115  9:10  Shield Battery  
  115  9:12  Immortal (Chrono Boost)  
  115  9:16  Zealot  
  124  9:20  Zealot x3, Dark Templar  
  124  9:24  Dark Templar  
  131  9:26  Shield Battery  
  131  9:27  Archon  
  131  9:30  Shield Battery  
  121  9:40  Stalker x3  
Show
View Real Time Build Order
Export as new Build Order

Solar Zerg 

Build Orders: Hatch First 

Get SALT Encoding   

  12  0:00  Drone  
  13  0:12  Overlord  
  13  0:17  Drone  
  14  0:31  Drone  
  15  0:45  Hatchery  
  15  0:49  Drone  
  15  0:52  Drone  
  15  0:57  Drone  
  17  1:00  Drone  
  18  1:10  Extractor  
  17  1:17  Spawning Pool  
  16  1:20  Drone  
  16  1:24  Drone  
  18  1:32  Drone  
  19  1:43  Drone  
  21  1:54  Drone  
  21  1:58  Overlord  
  21  2:03  Queen  
  21  2:04  Queen  
  21  2:05  Zergling x2  
  26  2:08  Zergling x2  
  27  2:16  Metabolic Boost  
  27  2:17  Drone  
  27  2:20  Drone  
  29  2:28  Drone  
  30  2:30  Drone  
  31  2:43  Hatchery  
  30  2:49  Queen  
  32  2:52  Overlord  
  32  2:55  Drone  
  32  2:57  Drone  
  34  3:00  Drone  
  34  3:01  Drone  
  36  3:15  Drone x6  
  42  3:22  Overlord  
  42  3:24  Queen  
  44  3:34  Overlord  
  44  3:38  Spore Crawler, Drone  
  44  3:40  Overlord  
  44  3:45  Queen  
  46  3:51  Spore Crawler, Drone x2  
  47  3:56  Queen, Drone  
  47  4:00  Drone x2  
  52  4:05  Roach Warren  
  52  4:06  Drone  
  52  4:10  Zergling x4  
  52  4:13  Zergling x4  
  52  4:14  Drone  
  57  4:18  Drone  
  57  4:20  Zergling x4  
  60  4:24  Zergling x6  
  60  4:27  Overlord  
  60  4:31  Zergling x4  
  65  4:33  Spore Crawler  
  65  4:38  Overlord  
  64  4:43  Drone  
  64  4:44  Lair, Drone  
  66  4:46  Drone  
  66  4:51  Drone  
  66  4:52  Extractor, Drone  
  68  4:54  Drone  
  68  4:55  Drone  
  68  4:56  Drone  
  68  4:59  Zergling x2  
  73  5:00  Zergling x4  
  73  5:04  Drone  
  74  5:12  Drone x3  
  74  5:14  Drone x3  
  77  5:15  Drone  
  77  5:21  Extractor, Drone  
  77  5:23  Drone  
  77  5:25  Drone  
  78  5:30  Drone x4  
  78  5:35  Extractor x2  
  81  5:36  Roach  
  81  5:38  Drone x3  
  81  5:39  Drone  
  81  5:40  Roach  
  81  5:41  Overlord x2  
  87  5:44  Overseer  
  87  5:51  Overseer  
  87  5:55  Roach  
  89  5:58  Roach  
  89  5:59  Roach  
  89  6:04  Roach x3  
  96  6:09  Drone  
  96  6:10  Roach  
  96  6:11  Overlord, Roach x3  
  105  6:14  Overlord  
  105  6:18  Overlord  
  105  6:19  Overlord  
  105  6:22  Overlord x2  
  105  6:26  Overlord  
  105  6:32  Roach x3  
  111  6:39  Roach x4  
  119  6:48  Roach x4  
  119  6:52  Overlord  
  119  6:54  Roach  
  129  6:56  Zergling x4  
  130  7:02  Roach  
  130  7:03  Roach x2  
  130  7:07  Zergling x8  
  141  7:08  Ravager x2  
  141  7:09  Ravager  
  141  7:12  Ravager x4  
  143  7:16  Roach x2  
  146  7:23  Zergling x10  
  146  7:25  Ravager  
  146  7:27  Zergling x4  
  152  7:31  Zergling x2  
  152  7:35  Ravager  
  152  7:36  Glial Reconstitution  
  153  7:38  Zergling x8  
  153  7:39  Zergling x2  
  153  7:40  Overseer  
  153  7:42  Zergling x4  
  157  7:47  Overlord  
  157  7:49  Ravager  
  157  7:50  Zergling x2  
  159  7:53  Zergling x4  
  151  8:01  Roach x2  
  151  8:02  Roach x2  
  151  8:04  Zergling x2, Roach x2  
  144  8:08  Zergling x4  
  144  8:10  Roach  
  144  8:12  Ravager  
  130  8:13  Roach  
  130  8:15  Roach  
  130  8:18  Roach  
  123  8:21  Roach x2  
  123  8:23  Roach  
  123  8:26  Roach  
  121  8:30  Roach x2  
  121  8:32  Roach  
  123  8:35  Roach  
  123  8:37  Roach  
  123  8:41  Roach  
  117  8:43  Zergling x2  
  117  8:44  Zergling x4  
  117  8:46  Zergling x2  
  115  8:48  Ravager  
  115  8:49  Overseer  
  115  8:50  Zergling x2  
  115  8:53  Zergling x4  
  115  8:54  Zergling x2  
  116  8:57  Ravager x2  
  116  9:00  Zergling x2  
  116  9:01  Zergling x2  
  120  9:03  Zergling x4, Ravager  
  120  9:06  Zergling x4  
  125  9:11  Overlord, Ravager  
  125  9:12  Zergling x2  
  125  9:15  Ravager  
  128  9:17  Zergling x8  
  128  9:20  Roach  
  128  9:21  Zergling x2  
  136  9:24  Ravager  
  136  9:27  Zergling x6  
  135  9:34  Ravager x2  
  135  9:35  Zergling x8  
  135  9:37  Zergling x2  
  127  9:38  Roach  
Tags
 
Add a new tag
Caveats
  • Supply blocks, unpowered buildings, or Contaminate may cause inaccurate times.
  • Supply counts are checked every 10 seconds.